 Dungeon Crawl Stone Soup version 0.21.1-1-g345015fe64 (webtiles) character file.

70 AAA992 the Skirmisher (level 4, -1/29 HPs)
             Began as a Gargoyle Fighter on July 5, 2018.
             Slain by hofbold's ghost (2 damage)
             ... on level 3 of the Dungeon.
             The game lasted 00:02:20 (2014 turns).

AAA992 the Skirmisher (Gargoyle Fighter)            Turns: 2014, Time: 00:02:21

Health: -1/29      AC: 13    Str: 20    XL:     4   Next: 22%
Magic:  4/4        EV:  7    Int:  9    God:
Gold:   79         SH:  9    Dex:  9    Spells: 3/3 levels left

rFire    . . .     SeeInvis .   a - +0 flail
rCold    . . .     Gourm    .   c - +0 shield
rNeg     + . .     Faith    .   b - +0 scale mail
rPois    ∞         Spirit   .   (no helmet)
rElec    +         Reflect  .   i - +2 cloak
rCorr    .         Harm     .   (no gloves)
MR       .....                  (no boots)
Stlth    ..........             (no amulet)
HPRegen  0.09/turn              (no ring)
MPRegen  0.09/turn              (no ring)

@: no status effects
A: negative energy resistance 1, electricity resistance, unbreathing,
petrification resistance, rot immunity, AC +3
a: no special abilities


You were on level 3 of the Dungeon.
You were not hungry.

You visited 1 branch of the dungeon, and saw 3 of its levels.

You collected 79 gold pieces.

Inventory:

Hand Weapons
 a - a +0 flail (weapon)
Armour
 b - a +0 scale mail (worn)
 c - a +0 shield (worn)
 i - a +2 cloak (worn)
Scrolls
 g - 4 scrolls of remove curse
 j - a scroll of noise {unknown}
 n - a scroll of fear
Potions
 d - 2 potions of might
 h - a potion of curing {unknown}
 k - a potion of mutation {unknown}
 l - a potion of degeneration {unknown}
 o - a potion of resistance {unknown}
Comestibles
 f - 6 rations


   Skills:
 + Level 4.1 Fighting
 + Level 3.0 Maces & Flails
 - Level 3.2 Armour
 + Level 4.1 Shields


You had 3 spell levels left.
You didn't know any spells.

Dungeon Overview and Level Annotations

Branches:
Dungeon (3/15)

Altars:
Fedhas
Qazlal
Ru
Zin

Annotations:
D:3 hofbold's ghost, weakling TrHu


Innate Abilities, Weirdness & Mutations

You are resistant to torment.
Your stone body is resilient. (AC +3)
You are immune to poison.
You resist negative energy. (rN+)
You are resistant to electric shocks. (rElec)
You can survive without breathing.
You are immune to petrification.
You are immune to rotting.


Message History

Hofbold's ghost hits you but does no damage.
You closely miss hofbold's ghost.
Hofbold's ghost is moderately damaged.
You block the adder skeleton's attack.
Hofbold's ghost hits you but does no damage.
Your scale mail prevents you from hitting hofbold's ghost.
Hofbold's ghost is moderately damaged.
The adder skeleton barely misses you. Hofbold's ghost hits you.
* * * LOW HITPOINT WARNING * * *
The adder skeleton bites you but does no damage.
You block hofbold's ghost's attack.
You barely miss hofbold's ghost.
Hofbold's ghost is moderately damaged.
The adder skeleton barely misses you.
Hofbold's ghost hits you but does no damage.
You sock hofbold's ghost!
Hofbold's ghost is heavily damaged.
The adder skeleton bites you but does no damage.
Hofbold's ghost hits you.
You die...

#.........
#.........
#......[..
.........
.........
##........
#.........
#.........
#Z@.......
#..W......
#$........
..........
#..........
#........#.
#........#
##########


You could see hofbold's ghost and an adder skeleton.

Vanquished Creatures
  An ooze (D:1)
  3 worms (D:2)
  3 leopard geckos
  2 giant cockroaches (D:2)
  8 goblins
  5 hobgoblins
  4 jackals (D:1)
  A quokka (D:2)
  A ball python (D:1)
  5 bats
  A frilled lizard (D:2)
  10 kobolds
  7 rats
51 creatures vanquished.

Notes
Turn   | Place    | Note
-------+----------+-------------------------------------------
     0 | D:1      | AAA992 the Gargoyle Fighter began the quest for the Orb.
     0 | D:1      | Reached XP level 1. HP: 14/14 MP: 1/1
   380 | D:1      | Reached XP level 2. HP: 19/19 MP: 2/2
   585 | D:1      | Reached XP level 3. HP: 24/24 MP: 3/3
   907 | D:2      | Found a stormy altar of Qazlal.
   907 | D:2      | Found a blossoming altar of Fedhas.
  1044 | D:2      | Found a glowing silver altar of Zin.
  1175 | D:2      | Found a sacrificial altar of Ru.
  1357 | D:2      | Reached XP level 4. HP: 24/29 MP: 4/4
  1826 | D:3      | Noticed hofbold's ghost (weakling TrHu)
  2012 | D:3      | HP: 1/29 [hofbold's ghost (4)]
  2014 | D:3      | Slain by hofbold's ghost

Skill      XL: |  1  2  3  4 |
---------------+-------------+-----
Fighting       | 4 |  4.1
Shields        | 4 |  4.1
Maces & Flails | 3 |  3.0
Armour         | |  3.2

Action                   |  1- 3 |  4- 6 || total
-------------------------+-------+-------++-------
Melee: Flail             |   209 |    52 ||   261
  Use: Scroll            |       |     3 ||     3
  Eat: Chunk             |     1 |     3 ||     4
Armor: Scale mail        |   152 |    40 ||   192
Dodge: Dodged            |    88 |    27 ||   115
Block: Shield            |   158 |    31 ||   189
